 Dungeon Crawl Stone Soup version 0.31-a0-214-gb37851dbb3 (webtiles) character file.

Game seed: 15140153272431875849

53 qw the Shooter (level 3, 0/29 HPs)
             Began as a Minotaur Hexslinger on July 1, 2023.
             Killed from afar by Natasha (9 damage)
             ... with a magic dart
             ... on level 2 of the Dungeon.
             The game lasted 00:00:21 (930 turns).

qw the Shooter (Minotaur Hexslinger)                 Turns: 930, Time: 00:00:22

Health: 0/29       AC:  2    Str: 12    XL:     3   Next: 62%
Magic:  3/3        EV: 12    Int: 10    God:
Gold:   95         SH:  0    Dex: 14    Spells: 3/4 levels left

rFire   . . .        Y - +1 sling
rCold   . . .        (no shield)
rNeg    . . .        c - +0 robe
rPois   .            (helmet restricted)
rElec   .            (no cloak)
rCorr   .            (no gloves)
SInv    .            (no boots)
Will    +....        (no amulet)
Stlth   +            f - ring of willpower
HPRegen 0.24/turn    (no ring)
MPRegen 0.08/turn

%: no passive effects
@: no status effects
A: horns 2, retaliatory headbutt
a: no special abilities


You were on level 2 of the Dungeon.
You visited 1 branch of the dungeon, and saw 2 of its levels.

You collected 95 gold pieces.


Innate Abilities, Weirdness & Mutations

You have a pair of horns on your head.
You reflexively headbutt those who attack you in melee.


   Skills:
 - Level 2.1 Fighting
 + Level 4.1 Ranged Weapons
 - Level 2.1 Dodging
 - Level 1.0 Spellcasting
 - Level 2.0 Hexes


You had 3 spell levels left.
You knew the following spells:

 Your Spells              Type           Power      Damage    Failure   Level
a - Slow                  Hex            16%        N/A       16%         1

Your spell library contained the following spells:

 Spells                   Type           Power      Damage    Failure   Level
 Inner Flame              Hex/Fire       2%         N/A       56%         3
 Portal Projectile        Hex/Tloc       4%         N/A       56%         3
 Cause Fear               Hex            2%         N/A       83%         4

Inventory:

Hand Weapons
 Y - a +1 sling (weapon)
Armour
 c - a +0 robe (worn)
Jewellery
 f - a ring of willpower (left hand)
Potions
 a - a potion of curing {unknown}
 b - a potion of magic {unknown}
 e - a potion of berserk rage {unknown}

Dungeon Overview and Level Annotations

Branches:
Dungeon (2/15)

Altars:

Annotations:
D:2 Natasha


Message History

Natasha wildly gestures.
Natasha's front paws start to glow.
The cerulean imp hits you from afar with a +1 spear.
The cerulean imp closely misses you.
You shoot a sling bullet.
The sling bullet closely misses Natasha.
The sling bullet closely misses the cerulean imp.
The sling bullet hits the fungus.
The fungus begins to die.
The fungus is lightly damaged.
Natasha completely misses you.
The cerulean imp hits you from afar with a +1 spear.
The cerulean imp hits you but does no damage.
Natasha barely misses you.
You shoot a sling bullet. The sling bullet hits Natasha.
Natasha is moderately wounded.
The cerulean imp barely misses you.
The cerulean imp hits you from afar with a +1 spear.
Natasha misses you.
You shoot a sling bullet. The sling bullet barely misses Natasha.
The sling bullet hits the cerulean imp!
The cerulean imp is severely wounded.
A nearby fungus withers and dies.
The cerulean imp barely misses you.
The cerulean imp hits you from afar with a +1 spear.
Natasha closely misses you. You furiously retaliate!
You headbutt Natasha. The cerulean imp misses you.
You shoot a sling bullet. The sling bullet hits Natasha.
Natasha is severely wounded.
The cerulean imp hits you from afar with a +1 spear.
Natasha drinks a potion.
Natasha is healed!
The cerulean imp barely misses you.
You shoot a sling bullet. The sling bullet hits Natasha.
Natasha is moderately wounded.
The cerulean imp barely misses you. Natasha closely misses you.
The cerulean imp hits you but does no damage.
The cerulean imp barely misses you.
You shoot a sling bullet.
The sling bullet hits Natasha but does no damage.
Natasha is moderately wounded.
Natasha casts a spell at you. The magic dart hits you!
You die...

##...#
##...#
#.#
##....#
##..# #.#
......#
#..# #.#
.#...##
#.># #.#
.#.#..#
#..# #.#
##.##.#
#.## #.#
#..# ...
#.# #.#
..## ##.#
#.# ##.#
...
...#.#
#@##
..... #.
##h5.....
.....
r5..P.?
#####
......P
PP..P..
.......
P.P....
.......


You could see Natasha, 2 cerulean imps and a rat.

Vanquished Creatures
  Natasha (D:2)
  2 dart slugs (D:1)
  A bat (D:1)
  2 endoplasms (D:2)
  2 giant cockroaches (D:1)
  2 hobgoblins
  6 ball pythons
  2 frilled lizards (D:1)
  6 kobolds
  A rat (D:1)
25 creatures vanquished.

Notes
Turn   | Place    | Note
-------+----------+-------------------------------------------
     0 | D:1      | qw the Minotaur Hexslinger began the quest for the Orb.
     0 | D:1      | Reached XP level 1. HP: 16/16 MP: 1/1
     0 | D:1      | 0 ||| qw: Version: 0.3-a-32-g5962c71
     0 | D:1      | 0 ||| qw: Game counter: 7679
     0 | D:1      | 0 ||| qw: Melee chars always use a shield: true
     0 | D:1      | 0 ||| qw: God list: Okawaru
     0 | D:1      | 0 ||| qw: Allow faded altars: false
     0 | D:1      | 0 ||| qw: Do Orc after clearing Dungeon:15 true
     0 | D:1      | 0 ||| qw: Do second Lair branch before Depths: true
     0 | D:1      | 0 ||| qw: Lair rune preference: random
     0 | D:1      | 0 ||| qw: Goals: Normal
     0 | D:1      | 0 ||| PLANNING D:1-11
    95 | D:1      | Reached skill level 3 in Ranged Weapons
    95 | D:1      | Reached XP level 2. HP: 23/23 MP: 2/2
   749 | D:1      | 749 ||| UPGRADING to ring of willpower.
   750 | D:1      | 750 ||| READING scroll labelled EDAORGHA OHESTU.
   751 | D:1      | 751 ||| READING 3 scrolls labelled PYSIEF TACH.
   752 | D:1      | 752 ||| DROPPING scroll of poison.
   753 | D:1      | 753 ||| DROPPING 2 scrolls of vulnerability.
   781 | D:2      | 781 ||| STAIRDANCE
   867 | D:2      | Reached XP level 3. HP: 29/29 MP: 3/3
   874 | D:2      | Noticed Natasha
   878 | D:2      | 878 ||| Stepping ~*~*~tactically~*~*~ (outnumbered).
   880 | D:2      | Killed Natasha
   881 | D:2      | Reached skill level 4 in Ranged Weapons
   912 | D:2      | Noticed Natasha
   913 | D:2      | 913 ||| Stepping ~*~*~tactically~*~*~ (outnumbered).
   915 | D:2      | 915 ||| Stepping ~*~*~tactically~*~*~ (outnumbered).
   917 | D:2      | 917 ||| Stepping ~*~*~tactically~*~*~ (outnumbered).
   930 | D:2      | Killed from afar by Natasha

Levels and vault maps discovered:
D:1:      dpeg_arrival_radiant, layout_basic
D:2:      minmay_spotlight, layout_rooms, shapermc_ecumenical_altar_gd,
          uniq_natasha

Skill      XL: |  1  2  3 |
---------------+----------+-----
Ranged Weapons | 3 4 |  4.1
Fighting       | 2 |  2.1
Dodging        | |  2.1
Spellcasting   | |  1.0
Hexes          | |  2.0

Action                     || total
---------------------------++-------
   Fire: Sling             ||    79
    Use: Scroll            ||     2
 Armour: Robe              ||     7
  Dodge: Dodged            ||    39

Table legend:
 A = Non-vault XP
 B = Vault XP
 C = Vault XP percentage of total XP
 D = Non-vault monster count
 E = Vault monster count
 F = Vault count percentage of total count
                 A         B        C        D         E       F
            +---------+---------+-------+---------+---------+-------
      Total |      43 |      33 |  43.4 |      24 |       1 |   4.0
            +---------+---------+-------+---------+---------+-------
        D:1 |      31 |       0 |   0.0 |      18 |       0 |   0.0
        D:2 |      12 |      33 |  73.3 |       6 |       1 |  14.3
            +---------+---------+-------+---------+---------+-------
